 Dungeon Crawl Stone Soup version 0.30.1-5-ged363bc7ee (webtiles) character file.

Game seed: 5300879253637727916

149 Kurtz the Chopper (level 5, 0/48 HPs)
             Began as a Tengu Fighter on Sept 19, 2023.
             Succumbed to an orc wizard's poison
             ... on level 3 of the Dungeon.
             The game lasted 00:01:39 (1661 turns).

Kurtz the Chopper (Tengu Fighter)                   Turns: 1661, Time: 00:01:40

Health: 0/48       AC: 22    Str: 15 (16) XL:     5   Next: 31%
Magic:  6/6        EV:  2    Int:  8 (9)  God:
Gold:   64         SH:  0    Dex: 13 (15) Spells: 4/4 levels left

rFire   . . .        a - +0 war axe
rCold   . . .        c - +0 buckler
rNeg    . . .        i - melded +0 chain mail
rPois   +            (helmet currently unavailable)
rElec   .            (cloak currently unavailable)
rCorr   .            (gloves currently unavailable)
SInv    .            (boots unavailable)
Will    .....        (no amulet)
Stlth   +            (no ring)
HPRegen 0.28/turn    (no ring)
MPRegen 0.10/turn

%: no passive effects
@: confused, lethally poisoned (0 -> -3), tree-form
A: stationary, stasis, torment immunity, boosted hp, (beak), (talons 3), nimble
flight
a: no special abilities


You were on level 3 of the Dungeon.
You were a tree.
You visited 1 branch of the dungeon, and saw 3 of its levels.

You collected 64 gold pieces.

Inventory:

Hand Weapons
 a - a +0 war axe (weapon)
Missiles
 r - 6 poisoned darts (quivered)
Armour
 b - a +0 scale mail
 c - a +0 buckler (worn)
 i - a +0 chain mail (melded)
Scrolls
 f - a scroll of amnesia {unknown}
 g - 2 scrolls of noise {unknown}
 h - 4 scrolls of identify {unknown}
 j - 2 scrolls of blinking {unknown}
 l - a scroll of fear {unknown}
 p - 2 scrolls of enchant weapon {unknown}
Potions
 d - a potion of might


   Skills:
 - Level 3.0 Fighting
 * Level 5.9 Axes
 - Level 3.2 Armour
 - Level 3.0 Shields


You had 4 spell levels left.
You didn't know any spells.
Your spell library contained the following spells:

 Spells                   Type           Power      Damage    Failure   Level
 Apportation              Tloc           0%         N/A       50%         1
 Necrotise                Necr           0%         1d4       50%         1
 Summon Small Mammal      Summ           0%         N/A       50%         1
 Cigotuvi's Dreadful Rot  Necr/Pois/Air  0%         N/A       65%         2
 Frozen Ramparts          Ice            0%         1d1       86%         3
 Ignite Poison            Fire/Tmut/Pois 0%         N/A       86%         3
 Iskenderun's Mystic Bla  Conj/Tloc      0%         2d3       99%         4
 Freezing Cloud           Conj/Ice/Air   0%         6-21      100%        5
 Spellforged Servitor     Conj/Summ      0%         N/A       100%        7


Dungeon Overview and Level Annotations

Branches:
Dungeon (3/15)

Altars:


Innate Abilities, Weirdness & Mutations

You are a tree.
Your roots penetrate the ground, keeping you stationary.
You cannot be teleported.
You are immune to unholy pain and torment.
Your maximum health is greatly increased.
Your equipment is partially melded.
((You have a beak for a mouth.))
((You have claws for feet.))
Your magical nature lets you fly swiftly and evasively.


Message History

You feel sick.
An orc wizard appears from thin air!
Reactivating autopickup.
The orc wizard hits you but does no damage.
Something hits you.
* * * LOW HITPOINT WARNING * * *
Deactivating autopickup; reactivate with Ctrl-A.
It was a potion of degeneration.
There was something very wrong with that liquid.
You feel weakened.
You feel dopey.
You feel clumsy.
* * * LOW HITPOINT WARNING * * *
You feel very sick. The orc wizard completely misses you.
You hear some strange, mumbled words.
You are more confused.
It was a potion of cancellation.
Your magical effects are unravelling.
You feel magically purged.
You feel less confused.
* * * LOW HITPOINT WARNING * * *
You feel sick. The orc wizard closely misses you.
Something completely misses you.
You feel less attractive to monsters.
It was a potion of lignification.
You turn into a tree.
Your +0 chain mail melds into your body.
Your roots penetrate the ground.
* * * LOW HITPOINT WARNING * * *
You feel sick.
The orc wizard gestures at you while chanting.
You are confused.
Something hits you but does no damage.
You slash the orc wizard!
You kill the orc wizard!
You completely miss something.
* * * LOW HITPOINT WARNING * * *
You feel sick.
You hear some strange, mumbled words.
You are more confused.
The orc hits you but does no damage. Something hits you but does no damage.
Unknown command.
You nearly hit yourself!
You die...

.#. ##.#. #... ..?#
#######..# #....##..##
#.##{##.#.##
#.##.♣o....###..
##.#####.........
######............#..
#.......#####.........
######<.....##
#..##.#.?#
............# #..# #
.# ######.....## #...
#.....# .... ###.###
.#.#.


You could see an orc.

Vanquished Creatures
  Natasha (twice) (D:2)
  An orc wizard (D:3)
  2 adders (D:2)
  2 worms (D:2)
  2 dart slugs (D:2)
  An orc (D:3)
  2 bats (D:2)
  7 endoplasms
  A giant cockroach (D:1)
  4 hobgoblins
  3 jackals
  3 kobolds
  A quokka (D:2)
  7 ball pythons
  3 frilled lizards (D:1)
  2 goblins (D:1)
  2 rats
45 creatures vanquished.

Notes
Turn   | Place    | Note
-------+----------+-------------------------------------------
     0 | D:1      | Kurtz the Tengu Fighter began the quest for the Orb.
     0 | D:1      | Reached XP level 1. HP: 14/14 MP: 2/2
   109 | D:1      | Reached XP level 2. HP: 19/19 MP: 3/3
   126 | D:1      | Reached skill level 3 in Axes
   500 | D:1      | Reached XP level 3. HP: 22/23 MP: 4/4
   715 | D:2      | Reached skill level 4 in Axes
   846 | D:2      | Got the Octavo of Subzero Violence
  1075 | D:2      | Reached XP level 4. HP: 28/28 MP: 5/5
  1141 | D:2      | Noticed Natasha
  1144 | D:2      | Killed Natasha
  1145 | D:2      | Reached skill level 5 in Axes
  1447 | D:2      | Noticed Natasha
  1458 | D:2      | Killed Natasha
  1459 | D:2      | Gained mutation: Your magical nature lets you fly swiftly
                  | and evasively. [Tengu growth]
  1459 | D:2      | Reached XP level 5. HP: 12/32 MP: 6/6
  1659 | D:3      | HP: 1/48 [poisoned by an orc wizard]
  1661 | D:3      | Succumbed to an orc wizard's poison

Illustrated notes

Levels and vault maps discovered:
D:1:      wander_arrival_estate, layout_rooms, serial_forest,
          infiniplex_forest_lined_3_way, infiniplex_forest_end_1,
          infiniplex_forest_end_1, infiniplex_forest_lined_room_,
          infiniplex_forest_end_2, infiniplex_forest_clump_tiny,
          infiniplex_forest_clump_double, minmay_misc_feat_x
D:2:      minmay_inner_zag, layout_loops_ring, uniq_natasha
D:3:      layout_loops_ring, kiku_gazebo_pond_becter, serial_shops,
          nicolae_shop_pleasant_corner_grove, kennysheep_generic_room_5

Skill      XL: |  1  2  3  4 |
---------------+-------------+-----
Axes           | 3 4 5 |  5.9
Fighting       | |  3.0
Armour         | |  3.2
Shields        | |  3.0

Action                     |  1- 3 |  4- 6 || total
---------------------------+-------+-------++-------
  Melee: War axe           |    69 |    33 ||   102
         Kick              |    17 |    10 ||    27
         Peck              |    12 |     4 ||    16
    Use: Potion            |       |     5 ||     5
 Armour: Scale mail        |    14 |       ||    14
         Chain mail        |    12 |    31 ||    43
         Skin              |       |     3 ||     3
  Dodge: Dodged            |    28 |     7 ||    35
  Block: Buckler           |    17 |     4 ||    21
